 Dungeon Crawl Stone Soup version 0.16-a0-282-ga87e286 (webtiles) character file.

159 Kashira the Shooter (level 5, -1/41 (44) HPs)
             Began as a Centaur Hunter on Aug 27, 2014.
             Killed from afar by an orc wizard (7 damage)
             ... with a puff of flame
             ... on Level 4 of the Dungeon.
             The game lasted 00:18:24 (2726 turns).

Kashira the Shooter (Centaur Hunter)                Turns: 2726, Time: 00:18:24

HP  -1/41 (44)   AC  5     Str 15      XL: 5   Next: 17%
MP   4/4         EV  9     Int 10      God:
Gold 142         SH  0     Dex 10      Spells:  0 memorised,  4 levels left

rFire  . . .     SeeInvis .     b - +2 shortbow
rCold  . . .     Clarity  .     d - +1 leather armour
rNeg   . . .     rCorr    .     (no shield)
rPois  .         rRot     .     (no helmet)
rElec  .         Spirit   .     (no cloak)
SustAb .         Warding  .     (no gloves)
rMut   .         Stasis   .     (no barding)
Gourm  .                        (no amulet)
MR     .....                    (no ring)
                                (no ring)

@: confused, very quick, not resistant to hostile enchantments, extremely
unstealthy
A: hooves 3, deformed body, speed 2, robust 1, tough skin 3
a: no special abilities


You were on level 4 of the Dungeon.
You were not hungry.

You visited 1 branch of the dungeon, and saw 4 of its levels.

You collected 142 gold pieces.

Inventory:

Hand weapons
 a - a +0 short sword
 b - a +2 shortbow (weapon)
 i - a +1 dagger of draining
 v - a +1 trident of protection
Missiles
 c - 49 arrows (quivered)
 h - 36 bolts
Armour
 d - a +1 leather armour (worn)
Comestibles
 f - 4 bread rations
 j - 2 meat rations
 p - a beef jerky
 A - a fruit
Scrolls
 r - a scroll of fog
 u - a scroll of enchant armour
Jewellery
 t - a cursed ring of teleportation {unknown}
Potions
 l - a potion of cure mutation
 m - a potion of curing {unknown}
 n - a potion of brilliance {unknown}
 z - a potion of flight {unknown}


   Skills:
 + Level 1.3 Fighting
 + Level 0.3 Short Blades
 + Level 7.3 Bows
 + Level 1.0 Armour
 + Level 2.1 Dodging
 + Level 1.0 Stealth


You had 4 spell levels left.
You didn't know any spells.

Dungeon Overview and Level Annotations

Branches:
Dungeon (4/15)
 Temple: D:4-7

Altars:
Gozag

Annotations:
D:3 casual's ghost, average GrFi


Innate Abilities, Weirdness & Mutations

You have hooves in place of feet.
Armour fits poorly on your strangely shaped body.
You cover ground very quickly.
You have extremely tough skin (AC +3).
You are robust (+10% HP).


Message History

You hear some strange, mumbled words.
You are confused.
You hear some strange, mumbled words.
A puff of flame appears from out of thin air!
The puff of flame hits you!
* * * LOW HITPOINT WARNING * * *
The magic dart hits you!
* * * LOW HITPOINT WARNING * * *
Drink which item? (? for menu, Esc to quit)
You are more confused.
It was a potion of confusion.
Drink which item? (? for menu, Esc to quit)
You feel your flesh rotting away!
It was a potion of decay.
Something completely misses you.
Drink which item? (? for menu, Esc to quit)
You feel robust.
You feel fantastic!
It was a potion of beneficial mutation.
You hear some strange, mumbled words.
The puff of flame hits you!
You die...

##(......#
##..(.....##
##(.........##
#............#
#............# *
#............# ****
#............# ,,,*
#....%.......# ,,,*
##.......@..(# ,,,**
#...........# ,,,,**
#...........#
,,,,,**
##........<##
*,,,,,***#.........#
******,,*##.......##
**** ##....###
######


There were no monsters in sight!

Vanquished Creatures
  2 orc wizards (D:4)
  A worker ant (D:4)
  2 adders
  2 worms
  4 giant geckos
  6 bats
  A giant cockroach (D:2)
  8 goblins
  6 hobgoblins
  8 kobolds
  A quokka (D:2)
  A ball python (D:2)
  4 giant newts
  13 rats
  A rat skeleton (D:4)
60 creatures vanquished.

Notes
Turn   | Place    | Note
--------------------------------------------------------------
     0 | D:1      | Kashira, the Centaur Hunter, began the quest for the Orb.
     0 | D:1      | Reached XP level 1. HP: 16/16 MP: 1/1
   127 | D:1      | Reached XP level 2. HP: 21/23 MP: 2/2
   453 | D:1      | Reached skill level 6 in Bows
   935 | D:2      | Reached XP level 3. HP: 28/28 MP: 3/3
  1365 | D:2      | Found an opulent altar of Gozag.
  1823 | D:3      | Reached XP level 4. HP: 35/35 MP: 3/3
  1867 | D:3      | Noticed casual's ghost (average GrFi)
  2325 | D:4      | Reached skill level 7 in Bows
  2345 | D:4      | Reached skill level 1 in Armour
  2349 | D:4      | Reached XP level 5. HP: 28/40 MP: 4/4
  2418 | D:3      | Reached skill level 1 in Stealth
  2726 | D:4      | Gained mutation: You are robust (+10% HP). [potion of beneficial mutation]
  2726 | D:4      | Killed from afar by an orc wizard

Action                   |  1- 3 |  4- 6 || total
-------------------------+-------+-------++-------
Melee: Short sword       |     8 |       ||     8
       Dagger            |    81 |       ||    81
       Shortbow          |       |     3 ||     3
 Fire: Shortbow          |    72 |    40 ||   112
  Use: Scroll            |     4 |     6 ||    10
       Potion            |       |     6 ||     6
  Eat: Chunk             |     1 |     1 ||     2
       Meat ration       |       |     1 ||     1
